 Dungeon Crawl Stone Soup version 0.20-a0-1015-g2ec8a95 (webtiles) character file.

628 Gorglomux the Sneak (level 7, -2/46 HPs)
             Began as a Vampire Enchanter on Apr 15, 2017.
             Slain by a gnoll
             ... wielding a +0 flail
              (14 damage)
             ... on level 3 of the Dungeon.
             The game lasted 00:23:54 (5159 turns).

Gorglomux the Sneak (Vampire Enchanter)             Turns: 5159, Time: 00:23:55

Health: -2/46      AC:  2    Str:  7    XL:     7   Next: 23%
Magic:  0/13       EV: 13    Int: 23    God:
Gold:   109        SH:  0    Dex: 15    Spells: 5/14 levels left

rFire    . . .     SeeInvis +   a - +1 dagger
rCold    . . .     Gourm    .   (no shield)
rNeg     + . .     Faith    .   b - +0 robe
rPois    .         Spirit   .   (no helmet)
rElec    .         Reflect  .   (no cloak)
rCorr    .         Harm     .   (no gloves)
MR       .....                  (no boots)
Stlth    ++++......             (no amulet)
Regen    0.2/turn               A - +4 ring of intelligence
MPRegen  0.2/turn               l - ring of flight

@: very slightly contaminated
A: fangs 3, see invisible, unbreathing
a: Bat Form, Evoke Flight


You were on level 3 of the Dungeon.
You were not thirsty.

You visited 1 branch of the dungeon, and saw 3 of its levels.

You collected 109 gold pieces.

Inventory:

Hand Weapons
 a - a +1 dagger (weapon)
Missiles
 Z - 3 throwing nets (quivered)
Armour
 b - a +0 robe (worn)
Jewellery
 l - a ring of flight (right hand)
 t - an uncursed ring of fire
 A - a +4 ring of intelligence (left hand)
Scrolls
 x - 5 scrolls of remove curse {unknown}
 y - 3 scrolls of teleportation {unknown}
 B - a scroll of amnesia {unknown}
 R - 2 scrolls of identify
 S - a scroll of enchant weapon {unknown}
 X - a scroll of immolation {unknown}
 Y - a scroll of recharging
Potions
 q - 21 potions of blood
 r - 2 potions of curing
 v - a potion of flight {unknown}
 z - 3 potions of lignification {unknown}
Books
 c - a book of Maledictions

   Spells                             Type                      Level
   a - Corona                         Hexes                        1
   b - Ensorcelled Hibernation        Hexes/Ice                    2
   c - Confuse                        Hexes                        3
   d - Tukima's Dance                 Hexes                        3
   e - Dazzling Spray                 Conjuration/Hexes            3


   Skills:
 + Level 4.1 Short Blades
 - Level 2.1 Dodging
 + Level 7.6 Stealth
 + Level 4.1 Spellcasting
 + Level 7.0 Hexes


You had 5 spell levels left.
You knew the following spells:

 Your Spells              Type           Power        Failure   Level  Hunger
a - Corona                Hex            #####..      1%          1    None
q - Dazzling Spray        Conj/Hex       ###...       10%         3    ##.....
x - Confuse               Hex            #####...     1%          3    ##.....
z - Ensorcelled Hibernat  Hex/Ice        ###...       3%          2    #......


Dungeon Overview and Level Annotations

Branches:
Dungeon (3/15)

Altars:
Wu Jian


Innate Abilities, Weirdness & Mutations

You have razor-sharp teeth.
You have supernaturally acute eyesight. (SInv)
You can survive without breathing.


Message History

You hit the gnoll but do no damage.
The gnoll is lightly wounded.
The gnoll barely misses you.
Casting: Dazzling Spray
Confirm with . or Enter, or press ? or * to list all spells.
Aiming: Ensorcelled Hibernation
Press: ? - help, Shift-Dir - straight line, f - gnoll
Aim: a gnoll, wielding a flail (lightly wounded, chance to defeat MR: 59%)
The gnoll resists with significant effort.
The gnoll hits you with a flail.
* * * LOW HITPOINT WARNING * * *
Casting: Ensorcelled Hibernation
Confirm with . or Enter, or press ? or * to list all spells.
You don't have enough magic to cast that spell.
You hit the gnoll. Your bite misses the gnoll.
The gnoll is moderately wounded.
Unknown command.
The gnoll closely misses you. The gnoll hits you with a flail!
You die...

###........>..................#
.....P..)...)..................
....≈≈≈≈≈≈≈≈≈≈≈≈))≈≈≈≈≈....≈≈≈≈
....≈≈≈≈≈≈≈≈≈≈≈≈≈≈≈≈≈≈≈....≈≈≈≈
....≈≈#####≈≈≈≈≈≈≈≈≈≈≈≈..(.g≈≈≈
....≈≈#.gg#...[............g...
.)..≈≈#...#############''''####
...P≈≈###'#..#..#######....###
....≈≈≈.#.#.5#.g@...).'....'...
....≈≈≈.# #..#..#######....####
....≈≈≈.# #######
######''####### ....≈≈≈.#
............g.. ....≈≈≈.#
...g.g......... ....≈≈≈.#
.....g......g.. .P..≈≈≈.#
....g.........g ....≈≈≈.#.#
#gg####### ....≈≈###g#
+gg'.....g


You could see a quasit and a gnoll.

Vanquished Creatures
  A bullfrog (D:2)
  4 gnoll shamans (D:3)
  Ijyb (D:2)
  Terence (D:1)
  23 gnolls
  6 adders
  An ooze (D:2)
  3 worms
  A dart slug (D:3)
  3 leopard geckos
  4 orcs (D:3)
  3 ball pythons
  10 bats
  4 giant cockroaches
  14 goblins
  4 hobgoblins
  18 jackals
  A quokka (D:2)
  14 frilled lizards
  4 kobolds
  8 rats
128 creatures vanquished.

Vanquished Creatures (others)
  A plant (D:3)
1 creature vanquished.

Grand Total: 129 creatures vanquished

Notes
Turn   | Place    | Note
-------+----------+-------------------------------------------
     0 | D:1      | Gorglomux the Vampire Enchanter began the quest for the Orb.
     0 | D:1      | Reached XP level 1. HP: 13/13 MP: 3/3
   781 | D:1      | Reached XP level 2. HP: 19/19 MP: 5/5
   831 | D:1      | Learned a level 2 spell: Ensorcelled Hibernation
  1236 | D:2      | Noticed Terence
  1250 | D:2      | Reached XP level 3. HP: 4/24 MP: 2/6
  1337 | D:1      | Learned a level 3 spell: Confuse
  1474 | D:1      | Killed Terence
  1579 | D:2      | Reached XP level 4. HP: 30/30 MP: 7/7
  1587 | D:2      | Noticed Ijyb
  1694 | D:2      | Killed Ijyb
  2030 | D:2      | Reached skill level 6 in Stealth
  2118 | D:2      | Found an ornate altar of the Wu Jian Council.
  2176 | D:2      | Reached XP level 5. HP: 18/35 MP: 1/9
  2350 | D:2      | Reached skill level 3 in Short Blades
  2461 | D:2      | Reached skill level 3 in Spellcasting
  2740 | D:3      | Learned a level 3 spell: Dazzling Spray
  2835 | D:3      | Reached XP level 6. HP: 41/41 MP: 10/10
  2965 | D:3      | Reached skill level 6 in Hexes
  4254 | D:3      | Reached XP level 7. HP: 46/46 MP: 7/12
  4415 | D:3      | HP: 1/46 [gnoll/spear (7)]
  5159 | D:3      | Slain by a gnoll

Vault maps used:
D:1:      lightli_arrival_windingriver
D:2:      kennysheep_the_goblin_king, lemuel_coloured_pillars_altar,
          minmay_lizard_king, uniq_terence
D:3:      lemuel_castle_with_subvaults, first_bread, uniq_iyjb, uniq_natasha

Skill      XL: |  1  2  3  4  5  6  7 |
---------------+----------------------+-----
Stealth        | 5 6 7 |  7.6
Short Blades   | 2 3 4 |  4.1
Hexes          | 5 6 7 |  7.0
Spellcasting   | 3 4 |  4.1
Dodging        | |  2.1

Action                   |  1- 3 |  4- 6 |  7- 9 || total
-------------------------+-------+-------+-------++-------
Melee: Dagger            |   110 |   228 |    34 ||   372
       Bite              |     9 |     9 |     4 ||    22
       Unarmed           |       |     4 |       ||     4
 Cast: Corona            |    11 |       |       ||    11
       Ensorcelled Hiber |     7 |    87 |    19 ||   113
       Confuse           |     1 |       |     4 ||     5
       Dazzling Spray    |       |     2 |     4 ||     6
 Abil: End Transformatio |       |     6 |     1 ||     7
       Bat Form          |       |     6 |     1 ||     7
  Use: Potion            |     9 |    11 |       ||    20
       Scroll            |       |     2 |       ||     2
 Stab: Sleeping          |     9 |    53 |     6 ||    68
       Invisible         |       |     1 |     2 ||     3
       Distracted        |       |     1 |       ||     1
       Confused          |       |       |     2 ||     2
Armor: Robe              |    28 |    57 |     1 ||    86
Dodge: Dodged            |    81 |   255 |    31 ||   367
